 Dungeon Crawl Stone Soup version 0.17.2 (webtiles) character file.

15 ololoev the Skirmisher (level 2, -1/24 HPs)
             Began as a Demonspawn Fighter on June 9, 2016.
             Was an Initiate of Makhleb.
             Slain by Pikel
             ... wielding a +2 whip of flaming
              (2 damage)
             ... on level 4 of the Dungeon.
             The game lasted 00:02:16 (312 turns).

ololoev the Skirmisher (Demonspawn Fighter)          Turns: 312, Time: 00:02:16

Health: -1/24      AC:  7    Str: 21    XL:     2   Next: 34%
Magic:  2/2        EV:  7    Int:  9    God:    Makhleb [......]
Gold:   56         SH:  9    Dex: 12    Spells: 0 memorised, 1 level left

rFire  . . .     SeeInvis .     a - +0 war axe
rCold  . . .     Clarity  .     b - +0 scale mail
rNeg   . . .     SustAt   .     c - +0 shield
rPois  .         Gourm    .     g - +0 helmet
rElec  .         Spirit   .     (no cloak)
rCorr  .         Warding  .     (no gloves)
rMut   .         Stasis   .     (no boots)
MR     .....                    (no amulet)
Stlth  ..........               (no ring)
                                (no ring)

@: mighty, not resistant to hostile enchantments, extremely unstealthy
A: rot immunity
a: Renounce Religion


Innate Abilities, Weirdness & Mutations

You are immune to rotting.

Inventory:

Hand Weapons
 a - a +0 war axe (weapon)
Armour
 b - a +0 scale mail (worn)
 c - a +0 shield (worn)
 g - a +0 helmet (worn)
Scrolls
 f - a scroll of enchant armour {unknown}
 j - a scroll of remove curse {unknown}
Potions
 h - 2 potions of cancellation {unknown}
 i - a potion of curing {unknown}
Comestibles
 e - 3 bread rations


   Skills:
 - Level 3.0 Fighting
 * Level 2.3 Axes
 + Level 2.9 Armour
 - Level 2.6 Shields
 + Level 1.0 Invocations


You had one spell level left.
You didn't know any spells.


You were on level 4 of the Dungeon.
You worshipped Makhleb.
Makhleb was noncommittal.
You were not hungry.

You visited 1 branch of the dungeon, and saw 4 of its levels.

You collected 56 gold pieces. ...# ...# #...### ....... ##o.... #pps.

. ###Kp# ..
#..@#
#.##.#.###
..#........##
#.....<....#
#.........##
#..#######.#
.. .# .. #..

Notes
Turn   | Place    | Note
--------------------------------------------------------------
     0 | D:1      | ololoev the Demonspawn Fighter began the quest for the Orb.
     0 | D:1      | Reached XP level 1. HP: 18/18 MP: 1/1
   178 | D:2      | Found a burning altar of Makhleb.
   179 | D:2      | Noticed a balrug
   183 | D:2      | Noticed a hellwing
   183 | D:2      | Noticed a smoke demon
   185 | D:2      | Became a worshipper of Makhleb the Destroyer
   248 | D:2      | Gained mutation: You are immune to rotting. [demonic ancestry]
   248 | D:2      | Reached XP level 2. HP: 22/24 MP: 2/2
   285 | D:3      | Reached skill level 1 in Invocations
   300 | D:4      | Noticed a slave
   301 | D:4      | Noticed a slave
   304 | D:4      | Noticed Pikel
   306 | D:4      | Noticed a slave
   311 | D:4      | Noticed ololoev's ghost (amateur DsFi)
   312 | D:4      | HP: 1/24 [Pikel/whip of flaming (4)]
   312 | D:4      | Slain by Pikel

Dungeon Overview and Level Annotations

Branches:
Dungeon (4/15)
 Temple: D:4-7

Altars:
Makhleb

Annotations:
D:4 Pikel; ololoev's ghost, amateur DsFi


Message History

Pikel is lightly wounded.
You hit the slave.
The slave is lightly wounded.
The slave completely misses you. You block Pikel's attack.
A giant cockroach and an orc come into view.
Unknown command.
The orc shouts!
You slash Pikel!
Pikel is moderately wounded.
You closely miss the slave.
The slave is lightly wounded.
You block the slave's attack. Pikel hits you with a whip of flaming.
Pikel burns you. You block the slave's attack.
You slash Pikel!
Pikel is heavily wounded.
You slash the slave!
The slave is moderately wounded.
Pikel hits you but does no damage. You block the slave's attack.
Your shield and scale mail prevent you from hitting Pikel.
Pikel is heavily wounded.
You hit the slave.
The slave is heavily wounded.
Pikel hits you but does no damage. The slave hits you but does no damage.
You block Pikel's attack. The slave hits you but does no damage.
Ololoev's ghost (amateur Demonspawn Fighter) comes into view.
Ololoev's ghost turns its malevolent gaze towards you.
You slash Pikel!
Pikel is severely wounded.
Your shield and scale mail prevent you from hitting the slave.
The slave is heavily wounded.
Pikel hits you with a whip of flaming. Pikel burns you.
The slave barely misses you.
Ololoev's ghost says, "I am made of steel!"
You hit Pikel.
Pikel is almost dead.
You hit the slave.
The slave is almost dead.
You block Pikel's attack. The slave closely misses you.
Pikel hits you with a whip of flaming. Pikel burns you.
You die...

You could see Pikel, 3 slaves, an orc and a giant cockroach.

Vanquished Creatures
  A worm (D:3)
  2 giant cockroaches (D:2)
  2 goblins
  2 hobgoblins
  A ball python (D:1)
  2 bats
  A kobold (D:2)
  2 rats
13 creatures vanquished.

Action                   || total
-------------------------++-------
Melee: War axe           ||    58
  Use: Potion            ||     1

Vault maps used:
D:1:      dpeg_arrival_lava_temple_mockup
D:2:      makhleb_altar_promises_db, lemuel_crystal_altar,
          minmay_misc_feat_cross
D:3:      uniq_jessica
D:4:      old_standard_altar, minmay_temple_entry_statues_fountains,
          first_bread, serial_shops, nicolae_shop_behind_doors,
          kennysheep_generic_room_5, uniq_pikel
